[Event "Early-Titled-Tuesday-Blitz-March-26-2024"]
[Site "Chess.com"]
[Date "2024.03.26"]
[Round "10"]
[White "Misterfox120"]
[Black "Knightmare1014"]
[Result "1-0"]
[WhiteElo "2474"]
[BlackElo "2335"]
[TimeControl "180+1"]
[EndTime "9:53:35 PDT"]
[Termination "Misterfox120 won on time"]

1. d4 d5 2. Nc3 Nf6 3. Bf4 a6 4. e3 c5 5. dxc5 Nc6 6. a3 e5 7. Bg5 d4 8. Ne4 Be7 9. Bxf6 gxf6 10. b4 f5 11. Ng3 Be6 12. exd4 Nxd4 13. Nf3 Nxf3+ 14.
Qxf3 Qc8 15. Rd1 O-O 16. Be2 a5 17. O-O axb4 18. axb4 Qc6 19. Qh5 f4 20. Nf5 Bxf5 21. Qxf5 Qf6 22. Qe4 Qg5 23. Bd3 Qg7 24. Qxb7 f5 25.
Bc4+ Kh8 26. Rd7 Rae8 27. Rfd1 e4 28. f3 e3 29. Qd5 Qf6 30. b5 Rg8 31. c6 Qg6 32. g3 fxg3 33. h3 g2 34. Rxe7 Rxe7 35. Qxg8+ Qxg8 36. Bxg8 Kxg8 37. b6 e2 38. Re1 Kf8 39.
b7 Re8 40. c7 Kf7 41. c8=Q 1-0

[Event "Early-Titled-Tuesday-Blitz-March-26-2024"]
[Site "Chess.com"]
[Date "2024.03.26"]
[Round "10"]
[White "KevinGeorgeMicheal"]
[Black "biveklama"]
[Result "1/2-1/2"]
[WhiteElo "2448"]
[BlackElo "2576"]
[TimeControl "180+1"]
[EndTime "9:53:37 PDT"]
[Termination "Game drawn - insufficient material"]

1. Nf3 Nf6 2. g3 d5 3. Bg2 Bg4 4. O-O Bxf3 5. Bxf3 e6 6. d3 Nbd7 7. Nd2 c6 8. e4 Be7 9. Re1 O-O 10. Bg2 dxe4 11. Nxe4 Nxe4 12. Bxe4 Bf6 13. c3 Nc5 14. Qc2 Nxe4 15. dxe4 Qa5 16. Be3 Rfd8 17. a3 Be7 18.
Rad1 a6 19. Kg2 Qc7 20. Qb3 c5 21. a4 Qc6 22. f3 b5 23. axb5 axb5 24. Bf2 c4 25. Qc2 h5 26. Rxd8+ Rxd8 27. Rd1 Rd7 28. Rd2 Kf8 29. Qd1 Ke8 30. Rxd7 Qxd7 31. Qxd7+ Kxd7 32. Kf1 Kc6 33. Ke2 b4 34. Bd4 f6 35. cxb4 Kb5 36. Kd1 Bxb4 37. Kc2 e5 38. Be3 Bd6 39. b3 g6 40. g4 hxg4 41. fxg4 g5 42. Bf2 Bc5 43.
Be1 Be7 44. h4 gxh4 45. Bxh4 Kb4 46. Be1+ Kc5 47. Bf2+ Kb5 48. Bh4 Bd8 49. Bg3 Be7 50. g5 fxg5 51. Bxe5 Kc5 52. bxc4 Kxc4 53. Kd2 g4 54.
Ke3 Bg5+ 55. Kf2 Kd3 56. Kg3 Kxe4 57. Kxg4 1/2-1/2

[Event "Early-Titled-Tuesday-Blitz-March-26-2024"]
[Site "Chess.com"]
[Date "2024.03.26"]
[Round "10"]
[White "emeli_chess"]
[Black "gorgeous1083"]
[Result "1-0"]
[WhiteElo "2394"]
[BlackElo "2063"]
[TimeControl "180+1"]
[EndTime "9:53:37 PDT"]
[Termination "emeli_chess won by checkmate"]

1. d4 Nf6 2. c4 e6 3. Nc3 d5 4. cxd5 exd5 5. Bg5 c6 6. Qc2 Be7 7. e3 h6 8. Bh4 Bg4 9. Bd3 Nbd7 10. h3 Be6 11. f4 Nb6 12. Nf3 Nfd7 13. Bxe7 Qxe7 14. f5 Bxf5 15. Bxf5 Qxe3+ 16. Qe2 Nc4 17. Bxd7+ Kxd7 18. Qxe3 Nxe3 19. Kf2 Nf5 20. Rhe1 Nd6 21. Ne5+ Kc7 22.
Kg1 g5 23. Nxf7 Rh7 24. Nxd6 Kxd6 25. Re2 Rf8 26. Rae1 h5 27. Re6+ Kd7 28. b4 a6 29.
Na4 Rff7 30. Nc5+ Kc7 31. a4 h4 32. a5 Rhg7 33. R1e5 Kc8 34. Rd6 Kc7 35. Rh6 Rg8 36.
Ne6+ Kc8 37. Nxg5 Rfg7 38. Rh5 Rg6 39. Kf2 Rf6+ 40. Ke3 Rfg6 41. Kf4 Rf8+ 42. Kg4 Rf2 43. Rh7 Rxg2+ 44. Kxh4 Rg8 45. Kh5 Rg3 46. h4 Rg1 47.
Ree7 Rd1 48. Rc7+ Kd8 49. Ne6+ Ke8 50. Rhe7# 1-0

[Event "Early-Titled-Tuesday-Blitz-March-26-2024"]
[Site "Chess.com"]
[Date "2024.03.26"]
[Round "10"]
[White "only_strong_moves"]
[Black "MalyDominator"]
[Result "0-1"]
[WhiteElo "2683"]
[BlackElo "2583"]
[TimeControl "180+1"]
[EndTime "9:53:38 PDT"]
[Termination "MalyDominator won by resignation"]

1. Nc3 c5 2. Nf3 Nc6 3. d4 cxd4 4. Nxd4 Nf6 5. Bg5 d6 6. g3 Bd7 7. Bg2 Qb6 8. Nb3 a5 9. Bxf6 gxf6 10. Nd5 Qd8 11. O-O e6 12. Ne3 a4 13. Nd2 Be7 14. c4 f5 15. Nc2 Bf6 16. Rb1 O-O 17.
e4 f4 18. gxf4 Kh8 19. Kh1 Rg8 20. c5 dxc5 21. e5 Be7 22. Ne4 Bc8 23. Qh5 Qf8 24. Rg1 Rg6 25. Ng3 Bd7 26. Be4 Rh6 27. Qf3 f5 28. exf6 Qxf6 29. Rbd1 Nd4 30. Nxd4 cxd4 31. Bxb7 Rf8 32. Bc6 Bxc6 33. Qxc6 Qxf4 34. Rg2 e5 35. Qd7 Qf3 36. Re1 Rff6 37. Qe8+ Bf8 38. Qxe5 Bg7 39.
Qb8+ Rf8 40. Qb5 d3 41. Qxa4 d2 42. Rd1 Re6 43. Rg1 Re1 44. Nf1 d1=Q 45. Qa7 Rg8 46. Qe3 Qxe3 47. fxe3 Rxf1 48. Rxf1 Qxf1+ 49. Rg1 Qf3+ 50. Rg2 Be5 0-1

[Event "Early-Titled-Tuesday-Blitz-March-26-2024"]
[Site "Chess.com"]
[Date "2024.03.26"]
[Round "10"]
[White "ChristianArca"]
[Black "TimGrutter03"]
[Result "0-1"]
[WhiteElo "2678"]
[BlackElo "2571"]
[TimeControl "180+1"]
[EndTime "9:53:38 PDT"]
[Termination "TimGrutter03 won by resignation"]

1. Nf3 Nf6 2. c4 c5 3. Nc3 Nc6 4. g3 g6 5. Bg2 Bg7 6. O-O O-O 7.
d4 cxd4 8. Nxd4 Nxd4 9. Qxd4 d6 10. e4 a6 11. Qd3 Be6 12. b3 Rc8 13. Bb2 Nd7 14.
Rac1 Qa5 15. Rfd1 b5 16. cxb5 axb5 17. Qd2 b4 18. Nd5 Bxd5 19. Bxg7 Kxg7 20. Qb2+ Rc3 21. Rxd5 Qc7 22. Rxc3 bxc3 23. Qc2 Rc8 24. a4 Nf6 25. Rd4 Qb6 26. Rd1 Qb4 27. Rc1 Qd4 28.
Rd1 Qb4 29. Ra1 Rb8 30. a5 Qxb3 31. Qc1 c2 32. a6 Qb1 33. Bf1 Qxa1 34. Qxa1 Rb1 35.
Qd4 c1=Q 36. Qd3 Ra1 37. h3 Nxe4 38. Kg2 Nd2 39. a7 Qxf1+ 40. Qxf1 Nxf1 41. h4 Rxa7 42. h5 g5 43. h6+ Kxh6 44. Kxf1 Kg6 0-1

[Event "Early-Titled-Tuesday-Blitz-March-26-2024"]
[Site "Chess.com"]
[Date "2024.03.26"]
[Round "10"]
[White "kai_nov"]
[Black "nikitakhoroshev"]
[Result "1/2-1/2"]
[WhiteElo "2335"]
[BlackElo "2605"]
[TimeControl "180+1"]
[EndTime "9:53:38 PDT"]
[Termination "Game drawn - insufficient material"]

1. e4 e5 2. Nf3 Nc6 3. Bc4 Nf6 4. O-O Nxe4 5. Re1 d5 6. d3 dxc4 7. Rxe4 cxd3 8. Nxe5 Nxe5 9. Rxe5+ Be6 10. cxd3 Bd6 11.
Re1 Qh4 12. g3 Qh3 13. Qf3 O-O-O 14. Nc3 h5 15. Be3 h4 16. Qg2 hxg3 17. fxg3 Rh5 18. Qxh3 Rxh3 19. a4 Rdh8 20. Re2 a6 21. Ne4 Be7 22. Rf1 f6 23. Bc5 Bd8 24. Nf2 b6 25. Rxe6 bxc5 26. Nxh3 Rxh3 27. Rxa6 Kb7 28. Re6 Rh5 29.
Rb1 c6 30. b4 cxb4 31. Rxb4+ Bb6+ 32. Kg2 Kc7 33. Re7+ Kd6 34. Rxg7 Bc5 35. Rc4 Rd5 36. a5 Rxd3 37. Ra4 Rd2+ 38. Kh3 Bg1 39. a6 Rxh2+ 40.
Kg4 Rh8 41. a7 Ra8 42. Kf5 Kc5 43. Kxf6 Kb5 44. Ra2 Bd4+ 45. Kf7 Bxg7 46. Kxg7 Kb6 47. g4 Rxa7+ 48. Rxa7 Kxa7 49. g5 c5 50. Kf6 c4 51.
g6 c3 52. g7 c2 53. g8=Q c1=Q 54. Qa2+ Kb6 55. Qb3+ Kc5 56. Qe6 Kb4 57. Qe7+ Kb3 58.
Qe6+ Kb2 59. Qe5+ Kb1 60. Qe4+ Qc2 61. Qxc2+ Kxc2 1/2-1/2

[Event "Early-Titled-Tuesday-Blitz-March-26-2024"]
[Site "Chess.com"]
[Date "2024.03.26"]
[Round "10"]
[White "Boorchess"]
[Black "leoduarte"]
[Result "0-1"]
[WhiteElo "2528"]
[BlackElo "2401"]
[TimeControl "180+1"]
[EndTime "9:53:39 PDT"]
[Termination "leoduarte won by resignation"]

1. d4 d5 2. Nf3 Nf6 3. Bf4 c5 4.
e3 Nc6 5. Nbd2 Nh5 6. Be5 f6 7. Bg3 e6 8. c4 Nxg3 9. hxg3 cxd4 10. exd4 Bb4 11. a3 Bxd2+ 12. Qxd2 Ne7 13. c5 b6 14. b4 a5 15. b5 bxc5 16. dxc5 e5 17.
b6 O-O 18. O-O-O Bf5 19. Kb2 Qd7 20. Rh4 Rfc8 21. Rc1 d4 22. Bc4+ Kh8 23. Rch1 Rxc5 24. Rxh7+ Bxh7 25. Bd3 e4 26. Bxe4 Qb5+ 27. Ka1 Rh5 28.
Rb1 Qa4 29. Bxa8 Bxb1 30. Kxb1 Qxa3 31. Qb2 Qxb2+ 32. Kxb2 Rb5+ 33. Kc2 Rxb6 34. Nxd4 Kg8 35. f3 Kf7 36. Be4 g6 37. Bd3 f5 38. Bc4+ Kf6 39.
Kc3 Nc6 40. Nb3 a4 41. Nc5 Rb4 42. Nd7+ Ke7 43. Nc5 Kd6 44. Nd3 Rb8 45. Nf4 a3 46.
Nxg6 Ne5 47. Ba2 Nxg6 0-1

[Event "Early-Titled-Tuesday-Blitz-March-26-2024"]
[Site "Chess.com"]
[Date "2024.03.26"]
[Round "10"]
[White "Msb2"]
[Black "Hikaru"]
[Result "0-1"]
[WhiteElo "3042"]
[BlackElo "3268"]
[TimeControl "180+1"]
[EndTime "9:53:42 PDT"]
[Termination "Hikaru won by resignation"]

1. d4 Nf6 2. c4 e6 3. Nc3 d5 4.
cxd5 exd5 5. Bg5 a6 6. Bxf6 gxf6 7. e3 Be6 8. Bd3 c6 9. Nge2 Nd7 10. Ng3 Qc7 11. Rc1 O-O-O 12. Qf3 Kb8 13. Nf5 h5 14. h3 Nb6 15. O-O Nc8 16. Ne2 Nd6 17. a4 Bxf5 18. Bxf5 Nc4 19. Rc2 Bb4 20. Rd1 Qe7 21.
Nf4 h4 22. Nd3 Ba5 23. b3 Nd6 24. b4 Bb6 25. Rb1 Rhg8 26. Nc5 Rg5 27. Bd3 Rdg8 28. Bf1 Ne4 29. b5 cxb5 30. axb5 a5 31. Na4 Bc7 32. b6 Bd6 33. Rbc1 Ka8 34. Rc8+ Bb8 35. R8c7 Qb4 36.
Qe2 Bxc7 37. bxc7 Qxa4 38. c8=Q+ Rxc8 39. Rxc8+ Ka7 40. Rc7 Rf5 41. Qb2 Qb4 42. Qxb4 axb4 43. f3 Ng3 44. Bd3 Rg5 45. Rc5 Rg8 46. Ra5+ Kb8 47. Rb5 Rc8 48. Rxb4 Rc3 49. Ba6 Ka7 50. Bb5 Rxe3 51. Kf2 Rc3 52. Be8 f5 53. f4 Ne4+ 54.
Ke2 Nd6 55. Bd7 Rc7 56. Ba4 Rc4 57. Rxc4 dxc4 58. Kd2 b5 59. Bd1 b4 60. Bf3 Kb6 61. g3 hxg3 62. h4 Ne4+ 63. Kc1 Nf6 64. Kd2 Nh5 65. d5 Kc5 66. d6 Kxd6 67. Bxh5 g2 68.
Be2 g1=Q 69. h5 Qd4+ 0-1

[Event "Early-Titled-Tuesday-Blitz-March-26-2024"]
[Site "Chess.com"]
[Date "2024.03.26"]
[Round "10"]
[White "Witik"]
[Black "AquivaRubinstein"]
[Result "0-1"]
[WhiteElo "2721"]
[BlackElo "2601"]
[TimeControl "180+1"]
[EndTime "9:53:42 PDT"]
[Termination "AquivaRubinstein won on time"]

1. e4 Nf6 2. e5 Nd5 3. d4 d6 4. Nf3 dxe5 5. Nxe5 c6 6. Be2 g6 7. O-O Bg7 8. Re1 O-O 9. c4 Nb6 10. Nc3 N8d7 11. Nf3 e5 12. d5 cxd5 13. cxd5 Nf6 14. d6 e4 15. Ng5 Bf5 16. g4 Bd7 17. Ngxe4 Nxe4 18. Nxe4 Bc6 19. Bf1 Re8 20. Bg2 Nc4 21. Bg5 f6 22. Qb3 fxg5 23. Qxc4+ Kh8 24. Rad1 h6 25.
Re3 Rc8 26. Qf7 Qd7 27. Qxg6 Qxg4 28. Rde1 Re6 29. h3 Qxg2+ 30. Kxg2 Rxg6 31. Kg3 Bxe4 32. Rxe4 Rxd6 33. b3 Rd7 34. h4 Bf6 35. hxg5 hxg5 36. Kg4 Kg7 37. Re6 Rcc7 38. Rh1 Re7 39. Rd6 Re4+ 40. Kf3 Rf4+ 41. Kg3 Re7 42. Rd5 Be5 43. Kg2 Rg4+ 44. Kf3 Rf4+ 0-1

[Event "Early-Titled-Tuesday-Blitz-March-26-2024"]
[Site "Chess.com"]
[Date "2024.03.26"]
[Round "10"]
[White "Zampronha1971"]
[Black "Tugrik1969"]
[Result "0-1"]
[WhiteElo "2366"]
[BlackElo "2508"]
[TimeControl "180+1"]
[EndTime "9:53:42 PDT"]
[Termination "Tugrik1969 won by resignation"]

1. e4 c5 2. Nf3 d6 3. d4 cxd4 4. Nxd4 Nf6 5. Nc3 g6 6. Be3 Bg7 7. f3 O-O 8. Qd2 Nc6 9. Bc4 Nxd4 10. Bxd4 Be6 11. Bb3 Qa5 12. O-O-O b5 13. Kb1 b4 14.
Nd5 Bxd5 15. exd5 Qb5 16. Rhe1 a5 17. Qe2 Qxe2 18. Rxe2 a4 19. Bc4 Rfc8 20. b3 Kf8 21. Rde1 Rc7 22. g4 Rb7 23. h4 h5 24. Rg2 Ne8 25. Bb2 Bxb2 26. Kxb2 Nf6 27. g5 Ne8 28. f4 Ng7 29. Bd3 Rba7 30. Kb1 Rc7 31.
Rge2 Ra5 32. Re4 Rb7 33. Rc4 Nf5 34. Bxf5 gxf5 35. Rc8+ Kg7 36. Re8 axb3 37. cxb3 Rxd5 38. R1xe7 Rxe7 39. Rxe7 Rd4 40. Rd7 Rxf4 41. Rxd6 Rxh4 42. Rf6 f4 43. a4 bxa3 44. Ka2 Rg4 45. Kxa3 h4 46.
b4 h3 47. Rh6 Rxg5 48. Rh4 Kg6 49. Ka4 Rh5 50. Rg4+ Kf5 51. Rg1 h2 52. Rh1 Kg4 53. b5 Rxb5 54. Kxb5 Kg3 55. Kc4 Kg2 56. Rd1 h1=Q 57.
Rxh1 Kxh1 58. Kd3 Kg2 0-1

[Event "Early-Titled-Tuesday-Blitz-March-26-2024"]
[Site "Chess.com"]
[Date "2024.03.26"]
[Round "10"]
[White "Bilan_Danila"]
[Black "a-z30"]
[Result "1/2-1/2"]
[WhiteElo "2624"]
[BlackElo "2452"]
[TimeControl "180+1"]
[EndTime "9:53:43 PDT"]
[Termination "Game drawn by repetition"]

1. d4 d6 2. Nf3 Nf6 3. Bg5 g6 4. e3 Bg7 5. Nbd2 c5 6. c3 Nc6 7. Bd3 Qc7 8. O-O b6 9. Bxf6 Bxf6 10. d5 Nb8 11. Bb5+ Nd7 12. Bc6 Bb7 13. Bxb7 Qxb7 14.
e4 b5 15. Qc2 O-O 16. Rfe1 c4 17. Nd4 Bxd4 18. cxd4 Rfc8 19. Re3 Nb6 20. Rh3 b4 21.
Nf3 c3 22. b3 Nd7 23. Qc1 Nf8 24. Qh6 f6 25. Nh4 c2 26. Rc1 Rc3 27. Rxc3 bxc3 28.
Rxc2 Rc8 29. Qe3 Qb4 30. f4 a5 31. f5 g5 32. Nf3 a4 33. h4 axb3 34. axb3 Qxb3 35.
Qd3 h6 36. hxg5 hxg5 37. e5 Nd7 38. e6 Nb6 39. Rc1 Qb2 40. Rc2 Qb4 41. Nxg5 Qb1+ 42. Kh2 fxg5 43. Qg3 Qxc2 44. Qxg5+ Kh8 45. Qh6+ Kg8 46.
Qg6+ Kh8 47. Qh6+ Kg8 48. Qg6+ Kh8 49. Qh6+ 1/2-1/2

[Event "Early-Titled-Tuesday-Blitz-March-26-2024"]
[Site "Chess.com"]
[Date "2024.03.26"]
[Round "10"]
[White "abelmat"]
[Black "Boudicca64"]
[Result "1-0"]
[WhiteElo "2067"]
[BlackElo "1798"]
[TimeControl "180+1"]
[EndTime "9:53:43 PDT"]
[Termination "abelmat won on time"]

1. d4 Nf6 2. c4 g6 3. Nc3 Bg7 4. e4 d6 5. f3 O-O 6. Be3 Nbd7 7. Nge2 c5 8. Qd2 cxd4 9. Nxd4 Ne5 10. O-O-O Be6 11.
Nxe6 fxe6 12. Kb1 Rc8 13. b3 a6 14. Be2 Kh8 15. g4 Qa5 16. h4 b5 17. h5 gxh5 18.
gxh5 bxc4 19. h6 cxb3 20. hxg7+ Kxg7 21. Bh6+ Kh8 22. Rhg1 Nfg4 23. Rxg4 Nxg4 24. fxg4 bxa2+ 25. Nxa2 Rb8+ 26. Ka1 Qe5+ 27. Qc3 Rf2 28. Qxe5+ dxe5 29. Bxa6 Rf6 30. Bg5 Rg6 31. Bxe7 Rxg4 32. Bc4 Rg2 33. Bf6+ Kg8 34. Bxe5 Rbb2 35. Bxb2 Kf7 36. Rf1+ Ke7 37. Bf6+ Kd6 38. e5+ Kc5 39. Bxe6 h5 40. Rc1+ 1-0

[Event "Early-Titled-Tuesday-Blitz-March-26-2024"]
[Site "Chess.com"]
[Date "2024.03.26"]
[Round "10"]
[White "chess123456s"]
[Black "suyu28"]
[Result "1-0"]
[WhiteElo "2600"]
[BlackElo "2842"]
[TimeControl "180+1"]
[EndTime "9:53:44 PDT"]
[Termination "chess123456s won by resignation"]

1. d4 Nf6 2. Nc3 d5 3. Bf4 a6 4. e3 b5 5. a3 Bf5 6. Nf3 e6 7. Ne5 h5 8. Bd3 Bxd3 9. cxd3 Nbd7 10.
O-O Nxe5 11. dxe5 Nd7 12. d4 g5 13. Bg3 h4 14. e4 hxg3 15. fxg3 c6 16. Qf3 Rh7 17.
exd5 cxd5 18. Rae1 Nb6 19. Qd3 Rg7 20. Nd1 Rc8 21. Ne3 Be7 22. Ng4 Qc7 23. Nh6 Qc2 24.
Qf3 Qg6 25. Ng4 Rc2 26. Rc1 Nc4 27. b3 Nxa3 28. Rxc2 Nxc2 29. Qc3 Kd7 30. Rc1 b4 31. Qxc2 Qxc2 32. Rxc2 Rg8 33. Nf2 a5 34. Nd3 Ra8 35. Nc5+ Bxc5 36. Rxc5 a4 37. bxa4 Rxa4 38. Rb5 Kc6 39.
Rb8 Kc7 40. Rb5 Ra1+ 41. Kf2 Rb1 42. Kf3 b3 43. Kg4 Kc6 44. Rb4 Kd7 45. Kxg5 Ke7 46.
h4 Kf8 47. Kh6 b2 48. Rb8+ Ke7 49. h5 Kd7 50. Rb4 Ke7 51. g4 Kf8 52. g5 f5 53.
exf6 e5 54. g6 Ke8 55. f7+ Ke7 56. Rb7+ Kd6 57. f8=Q+ 1-0

[Event "Early-Titled-Tuesday-Blitz-March-26-2024"]
[Site "Chess.com"]
[Date "2024.03.26"]
[Round "10"]
[White "Kotlyar_K"]
[Black "alekroth65"]
[Result "0-1"]
[WhiteElo "2555"]
[BlackElo "2396"]
[TimeControl "180+1"]
[EndTime "9:53:44 PDT"]
[Termination "alekroth65 won by checkmate"]

1. e4 d6 2. d4 Nf6 3. Nc3 g6 4. f4 Bg7 5. Nf3 O-O 6. Bd3 Na6 7. O-O c5 8. d5 Nc7 9. a4 Bg4 10. Bc4 e6 11. h3 Bxf3 12. Qxf3 exd5 13. exd5 Nd7 14.
a5 Rb8 15. Qg3 b5 16. axb6 axb6 17. Ra7 b5 18. Rxc7 Qxc7 19. Nxb5 Qb6 20. Bd2 Nf6 21. Qf3 Rfe8 22. Bd3 Qd8 23. c4 Qe7 24. Re1 Qf8 25. Rf1 Nd7 26. b3 f5 27. Ba5 Rxb5 28.
cxb5 Bd4+ 29. Kh1 Re3 30. Qd1 Qh6 31. Rf3 Qh4 32. Rxe3 Bxe3 33. b6 Qg3 34. Be1 Qxf4 35. b7 Bd4 36. Ba5 Be5 37. Qg1 Qh6 38. Bc7 Qf8 39.
Bb5 Nb8 40. Qa1 Bd4 41. Qa7 Qe7 42. Qxb8+ Kg7 43. Bf1 Qe3 44. Kh2 Qg1+ 45. Kg3 Qf2+ 46. Kh2 Qxf1 47. Bxd6 Bg1+ 48. Kg3 Qf2# 0-1

[Event "Early-Titled-Tuesday-Blitz-March-26-2024"]
[Site "Chess.com"]
[Date "2024.03.26"]
[Round "10"]
[White "wild3000"]
[Black "Chxss_Khxsbu"]
[Result "0-1"]
[WhiteElo "2432"]
[BlackElo "1833"]
[TimeControl "180+1"]
[EndTime "9:53:44 PDT"]
[Termination "Chxss_Khxsbu won on time"]

1. d4 Nf6 2. Nf3 e6 3. g3 d5 4. Bg2 c5 5. O-O Nc6 6. c3 cxd4 7. Nxd4 Be7 8. Nb3 O-O 9. N1d2 a6 10. e4 dxe4 11. Nxe4 Qxd1 12. Rxd1 Ne5 13. Na5 Nd5 14. c4 Nb4 15. Bd2 Nc2 16. Rac1 Nd4 17. Kf1 b6 18. Nb3 Nxb3 19. axb3 Bb7 20. Be3 b5 21. f4 Ng4 22.
Bg1 Rad8 23. h3 Bxe4 24. Bxe4 Nf6 25. Bb7 a5 26. cxb5 Rb8 27. Bc6 Bb4 28. g4 Rfd8 29.
Bd4 Nd5 30. Be5 Ne3+ 31. Ke2 Nxd1 32. Bxb8 Nxb2 33. Be5 Rd2+ 34. Kf1 Nd3 35. Rb1 Nxe5 36. fxe5 Rd3 37. b6 Rd8 38. b7 Bc3 39. Rc1 Bxe5 40. Rc5 Bd6 41. Rxa5 Bb8 42. Ra8 Kf8 43. Ke2 Ke7 44. b4 Kd6 45. b5 Kc5 46. Ra3 Kb6 47.
Rf3 f6 48. g5 f5 0-1

[Event "Early-Titled-Tuesday-Blitz-March-26-2024"]
[Site "Chess.com"]
[Date "2024.03.26"]
[Round "10"]
[White "Andreikka"]
[Black "Polish_fighter3000"]
[Result "0-1"]
[WhiteElo "2994"]
[BlackElo "3123"]
[TimeControl "180+1"]
[EndTime "9:53:45 PDT"]
[Termination "Polish_fighter3000 won on time"]

1. e4 e6 2. d4 d5 3. e5 c5 4. c3 Bd7 5. Nf3 a6 6. Be2 cxd4 7.
cxd4 Bb5 8. O-O Bxe2 9. Qxe2 Nc6 10. Nc3 Nge7 11. a3 Nf5 12. Qd3 h5 13. Be3 Be7 14. Ne2 h4 15. h3 Qb6 16. b4 Qb5 17. Qxb5 axb5 18. Nc3 Na7 19. Bd2 Kd7 20. Rfd1 Rhc8 21. Be1 Rc4 22. Rab1 Nc8 23. Rb3 Kc6 24. g4 hxg3 25.
fxg3 Nb6 26. Rd3 Rh8 27. Kg2 Na4 28. g4 Nxc3 29. Rbxc3 Nh6 30. Nd2 Rxc3 31. Rxc3+ Kd7 32. Nf3 Ng8 33. h4 Bd8 34. h5 g6 35. hxg6 fxg6 36.
Rc5 Ne7 37. Bh4 b6 38. Rxb5 Kc6 39. a4 Nc8 40. Bf6 Rf8 41. Ng5 Bxf6 42. Nh7 Be7 43.
Nxf8 Bxf8 44. Kg3 Na7 0-1

[Event "Early-Titled-Tuesday-Blitz-March-26-2024"]
[Site "Chess.com"]
[Date "2024.03.26"]
[Round "10"]
[White "ActorXu"]
[Black "MatyChess1"]
[Result "1-0"]
[WhiteElo "2852"]
[BlackElo "2642"]
[TimeControl "180+1"]
[EndTime "9:53:45 PDT"]
[Termination "ActorXu won by resignation"]

1. e4 e5 2. Nf3 Nc6 3. Bc4 Bc5 4. c3 Nf6 5. d3 a6 6. O-O Ba7 7. a4 d6 8. Nbd2 h6 9. Re1 g5 10. Nf1 g4 11. Nh4 Nxe4 12. Rxe4 Qxh4 13. d4 Bf5 14. Re1 O-O-O 15. Ng3 Bg6 16. Be3 Kb8 17. b4 exd4 18. cxd4 d5 19. b5 Nxd4 20. Bxd4 dxc4 21. Bxa7+ Kxa7 22. Qe2 Rhe8 23. Qxc4 Qf6 24. Qxc7 Qb6 25. Qf4 a5 26.
Qxg4 Rd2 27. Qf4 Red8 28. h3 R8d4 29. Qe3 R2d3 30. Qe5 Rd2 31. Re2 Rd5 32. Qe3 R2d4 33. Qxh6 Bd3 34. Qxb6+ Kxb6 35. Rd2 Kc5 36. Ne2 Bxe2 37.
Rxe2 Kb4 38. Re7 b6 39. Rxf7 Rd1+ 40. Rxd1 Rxd1+ 41. Kh2 Kxa4 42. h4 Kxb5 43. h5 a4 44. g4 a3 45. Ra7 Kb4 46. h6 Rd6 47. g5 Rd5 48. h7 Rd8 49. g6 1-0

[Event "Early-Titled-Tuesday-Blitz-March-26-2024"]
[Site "Chess.com"]
[Date "2024.03.26"]
[Round "10"]
[White "KetiTsatsalashvili"]
[Black "manitodeplomo"]
[Result "0-1"]
[WhiteElo "2450"]
[BlackElo "2639"]
[TimeControl "180+1"]
[EndTime "9:53:45 PDT"]
[Termination "manitodeplomo won on time"]

1. d4 g6 2. e4 Bg7 3. c4 d6 4. Nc3 Nf6 5. Nf3 O-O 6. Be2 c5 7. O-O Nc6 8. d5 Na5 9. Be3 e5 10. Qd2 Ng4 11. Bg5 f6 12. Bh4 Nh6 13. h3 Nf7 14.
Nh2 Bh6 15. Qc2 Bg5 16. Bxg5 Nxg5 17. a3 b6 18. b4 Nb7 19. Bg4 f5 20. exf5 gxf5 21.
Be2 Bd7 22. f4 exf4 23. Rxf4 Qf6 24. Raf1 cxb4 25. axb4 a5 26. bxa5 bxa5 27. Bd3 Nc5 28. Ng4 Qg6 29. Bxf5 Bxf5 30. Rxf5 Rxf5 31. Rxf5 a4 32.
Nb5 a3 33. Nxa3 Rxa3 34. Qb2 Rb3 35. Qd2 Nge4 36. Qf4 Rb8 37. Nh6+ Kh8 38. Nf7+ Kg8 39. Nh6+ Kh8 40. Nf7+ Kg8 41. Ng5 Re8 42. Nxe4 Nxe4 43. Qf3 Kh8 44. Qf1 Ng5 45. Qf4 Nxh3+ 46. Kh2 Nxf4 47.
Rxf4 Rg8 0-1

[Event "Early-Titled-Tuesday-Blitz-March-26-2024"]
[Site "Chess.com"]
[Date "2024.03.26"]
[Round "10"]
[White "temus_galaktionov"]
[Black "Stanbad1"]
[Result "1-0"]
[WhiteElo "2873"]
[BlackElo "2656"]
[TimeControl "180+1"]
[EndTime "9:53:47 PDT"]
[Termination "temus_galaktionov won by resignation"]

1. d4 Nf6 2. c4 c5 3. d5 b5 4.
cxb5 a6 5. bxa6 g6 6. Nc3 Bg7 7. a7 Rxa7 8. e4 d6 9. Nf3 O-O 10. Bd3 Na6 11. O-O e6 12. dxe6 Bxe6 13. Bf4 d5 14. e5 Nd7 15. Bxa6 Rxa6 16. Nxd5 Re8 17. Re1 Qb8 18. b3 Qb7 19. Nc3 c4 20. bxc4 Bxc4 21.
Ne4 Bf8 22. Qd4 Be6 23. a4 Rc8 24. Nfg5 Rc4 25. Qd3 Bd5 26. Rad1 Ra5 27. Qxc4 Bxc4 28. Rxd7 Qb4 29. Bd2 Qxa4 30. Bxa5 Qxa5 31. Nf6+ Kg7 32. Rdd1 h6 33. Nf3 Bc5 34. h3 Qa2 35. Ne4 Bb6 36. Rb1 Ba5 37. Ra1 Qb2 38. Rxa5 Bd3 39.
Ng3 Qb4 40. Raa1 Bc2 41. Re3 h5 42. Rae1 h4 43. Nf1 Bf5 44. N1h2 g5 45. Ng4 Bxg4 46.
hxg4 Qxg4 47. Nh2 Qf4 48. e6 fxe6 49. Rxe6 g4 50. R6e4 Qf5 51. Rxg4+ Kf6 52. Rxh4 Qc2 53. Rhe4 Qb2 54. g3 Kf5 55. R1e3 Qb1+ 56. Kg2 Qc2 57. Nf3 Qb1 58. Rf4+ Kg6 59. Re5 Kg7 60. Rg5+ 1-0

[Event "Early-Titled-Tuesday-Blitz-March-26-2024"]
[Site "Chess.com"]
[Date "2024.03.26"]
[Round "10"]
[White "iAspet"]
[Black "profedechess93"]
[Result "0-1"]
[WhiteElo "2478"]
[BlackElo "2644"]
[TimeControl "180+1"]
[EndTime "9:53:47 PDT"]
[Termination "profedechess93 won by resignation"]

1. Nf3 d5 2. g3 Nf6 3. Bg2 g6 4.
O-O c6 5. b3 Bg7 6. Bb2 O-O 7.
c4 a5 8. d3 Re8 9. Nbd2 a4 10.
Qc2 a3 11. Bc3 Nbd7 12. Ne5 Qc7 13. Nxd7 Bxd7 14. e4 dxe4 15. dxe4 Be6 16. h3 Rad8 17. Rad1 Qd7 18. Kh2 Qd3 19. Qxd3 Rxd3 20. Nb1 Red8 21. Rc1 Nd7 22. Bxg7 Kxg7 23. Nxa3 Ra8 24. Nc2 Rxa2 25.
Nb4 Rdd2 26. Nxa2 Rxa2 27. Ra1 Rb2 28. Rab1 Ra2 29. f4 f5 30. e5 Nc5 31. Kg1 Ne4 32. Bxe4 fxe4 33. Rf2 Ra3 34. g4 b5 35. f5 Bf7 36. e6 Be8 37. c5 gxf5 38. Rxf5 Bg6 39. Rf4 e3 40. Rf3 Bxb1 41. Rxe3 Bc2 42. Rf3 Bg6 43.
Kf2 Ra2+ 44. Kg3 Re2 45. h4 Rxe6 46. h5 Bf7 47. Kh4 h6 48. Rf5 Re4 49. Kg3 Bxb3 50.
Rf3 Be6 51. Rd3 Rxg4+ 52. Kf3 Rh4 53. Re3 Rh3+ 54. Ke4 Rxe3+ 55. Kxe3 Kf6 0-1

[Event "Early-Titled-Tuesday-Blitz-March-26-2024"]
[Site "Chess.com"]
[Date "2024.03.26"]
[Round "10"]
[White "Anton_Demchenko"]
[Black "GMG"]
[Result "0-1"]
[WhiteElo "2975"]
[BlackElo "2799"]
[TimeControl "180+1"]
[EndTime "9:53:50 PDT"]
[Termination "GMG won on time"]

1. e4 c6 2. d4 d5 3. e5 Bf5 4.
Bd3 Bxd3 5. Qxd3 e6 6. c3 c5 7. Ne2 Qb6 8. O-O Nc6 9. a3 Nge7 10.
Nd2 cxd4 11. cxd4 Nf5 12. Nf3 Be7 13. g4 Nh4 14. Nxh4 Bxh4 15. f4 Be7 16. Kg2 h5 17.
f5 hxg4 18. fxe6 fxe6 19. b4 Kd7 20. Be3 Rh3 21. Rf7 Nxe5 22. dxe5 Rxe3 23. Qd2 Rxe5 24. Nf4 Qe3 25. Qxe3 Rxe3 26. Ng6 Re8 27. Rxg7 Kd6 28. Rd1 Bf6 29. Rxb7 Rg8 30. Nf4 Be5 31. Nd3 Re2+ 32.
Kf1 Rxh2 33. Rxa7 Rf8+ 34. Kg1 Bd4+ 35. Kxh2 Bxa7 36. Kg3 e5 37. Kxg4 Be3 38. Rh1 e4 39. Nc5 Bxc5 40. Rh6+ Ke5 41. bxc5 d4 42. Rh5+ Ke6 43.
c6 d3 44. c7 d2 45. Rh1 e3 46. c8=Q+ Rxc8 47. Kf3 Rc1 48. Rh6+ Ke7 0-1